 Dungeon Crawl Stone Soup version 0.16-a0-1218-g8731af7 (webtiles) character file.

39 tedric the Changer (level 3, -10/23 HPs)
             Began as an Octopode Transmuter on Oct 12, 2014.
             Killed from afar by Blork the orc (13 damage)
             ... with a puff of flame
             ... on level 4 of the Dungeon.
             The game lasted 00:03:15 (250 turns).

tedric the Changer (Octopode Transmuter)             Turns: 250, Time: 00:03:15

Health: -10/23     AC:  1    Str:  9    XL:     3   Next: 45%
Magic:  4/6        EV: 18    Int: 15    God:
Gold:   38         SH:  0    Dex: 18    Spells: 2 memorised, 2 levels left

rFire  . . .     SeeInvis .       - Unarmed
rCold  . . .     Clarity  .     (no shield)
rNeg   . . .     SustAb   .     (helmet restricted)
rPois  .         Gourm    .     (no amulet)
rElec  .         Spirit   .     (no ring)
rCorr  .         Warding  .     (no ring)
rMut   .         Stasis   .     (no ring)
MR     .....                    (no ring)
Stlth  +++.......               (no ring)
                                (no ring)
                                (no ring)
                                (no ring)

@: agile, not resistant to hostile enchantments, fairly stealthy
A: almost no armour, amphibious, 8 rings, constrict 8, camouflage 1, gelatinous
body 1
a: no special abilities


You were on level 4 of the Dungeon.
You were not hungry.

You visited 1 branch of the dungeon, and saw 4 of its levels.

You collected 38 gold pieces.

Inventory:

Missiles
 b - 12 arrows
Scrolls
 c - a scroll of teleportation {unknown}
 f - a scroll of enchant armour {unknown}
Books
 d - a book of Changes

   Spells                             Type                      Level
   *Beastly Appendage                 Transmutation                1
   Sticks to Snakes                   Transmutation                2
   *Spider Form                       Transmutation/Poison         3
   Ice Form                           Ice/Transmutation            4
   Blade Hands                        Transmutation                5
Comestibles
 a - a bread ration


   Skills:
 - Level 1.1 Fighting
 - Level 2.1 Dodging
 - Level 3.2 Unarmed Combat
 + Level 2.4 Spellcasting
 * Level 4.1 Transmutations


You had 2 spell levels left.
You knew the following spells:

 Your Spells              Type           Power        Failure   Level  Hunger
a - Beastly Appendage     Trmt           ##....       4%          1    #......
b - Spider Form           Trmt/Pois      #.........   30%         3    ####...


Dungeon Overview and Level Annotations

Branches:
Dungeon (4/15)
 Temple: D:4-7

Altars:

Annotations:
D:4 Blork the orc


Innate Abilities, Weirdness & Mutations

You cannot wear most types of armour.
You are amphibious.
You can wear up to eight rings at the same time.
You can use your tentacles to constrict many enemies at once.
Your skin changes colour to match your surroundings (Stealth).
Your rubbery body absorbs attacks (AC +1).


Message History

Blork the orc barely misses you.
You hit Blork the orc.
Blork the orc is poisoned.
Blork the orc is lightly wounded.
Blork the orc hits you with a war axe!
* * * LOW HITPOINT WARNING * * *
The bat completely misses you. The bat closely misses you.
You hit the bat.
You kill the bat!
Blork the orc closely misses you. x2
Unknown command.
You hit Blork the orc but do no damage.
Blork the orc looks even sicker.
Blork the orc is lightly wounded.
Blork the orc misses you.
Blork the orc's eyes start to glow.
Your transformation has ended.
Blork the orc casts a spell at you. The puff of flame hits you!
Ouch! That really hurt!
You die...

#............+
#.>..........##
......#'##..)..#
... #..#...<.# .
+..+.....+
#..#.....##
#+##o.....#
#......#
#@.....#
+......+
#......#
.........
.........
.........
........
####+###


You could see Blork the orc.

Vanquished Creatures
  An orc wizard (D:4)
  4 hobgoblins (D:1)
  A bat (D:4)
  A giant cockroach (D:2)
  A giant newt (D:1)
  4 goblins
  A rat (D:2)
13 creatures vanquished.

Vanquished Creatures (others)
  5 toadstools (D:1)
5 creatures vanquished.

Grand Total: 18 creatures vanquished

Notes
Turn   | Place    | Note
--------------------------------------------------------------
     0 | D:1      | tedric, the Octopode Transmuter, began the quest for the Orb.
     0 | D:1      | Reached XP level 1. HP: 13/13 MP: 3/3
   132 | D:1      | Reached XP level 2. HP: 11/18 MP: 3/5
   218 | D:4      | Reached skill level 4 in Transmutations
   218 | D:4      | Reached XP level 3. HP: 5/23 MP: 4/6
   230 | D:4      | Learned a level 3 spell: Spider Form
   236 | D:4      | Noticed Blork the orc
   250 | D:4      | Killed from afar by Blork the orc

Action                   || total
-------------------------++-------
Melee: Unarmed           ||    31
 Cast: Beastly Appendage ||     3
       Spider Form       ||     1
  Use: Potion            ||     1
 Stab: Sleeping          ||     1
  Eat: Beef jerky        ||     1
